 Dungeon Crawl Stone Soup version 0.31.0-11-ge490571c62 (webtiles) character file.

Game seed: 15815400032835950951

181 Ashen the Grasshopper (level 5, -10/39 (43) HPs)
             Began as a Gnoll Warper on Jan 27, 2024.
             Mangled by a sleepcap (18 damage)
             ... on level 4 of the Dungeon.
             The game lasted 00:06:25 (3179 turns).

Ashen the Grasshopper (Gnoll Warper)                Turns: 3179, Time: 00:06:25

HP:   -10/39 (43)   AC:  5    Str: 10    XL:     5   Next: 61%
MP:   10/12         EV:  2    Int: 15    God:
Gold: 212           SH:  0    Dex: 11    Spells: 4/14 levels left

rFire   . . .        u - +0 dagger (elec)
rCold   + . .        (no shield)
rNeg    . . .        b - +0 leather armour
rPois   .            r - +0 helmet
rElec   .            A - scarf {shadows}
rCorr   .            (no gloves)
SInv    +            y - +0 pair of boots
Will    .....        (no amulet)
Stlth   +            i - ring of see invisible
HPRegen 0.26/turn    j - ring of protection from cold
MPRegen 0.13/turn

%: no passive effects
@: sleeping, on blink cooldown, drained
A: fangs 1, strong nose, distributed training
a: no special abilities


You were on level 4 of the Dungeon.
You visited 1 branch of the dungeon, and saw 4 of its levels.

You collected 212 gold pieces.

Inventory:

Hand Weapons
 a - a +0 spear
 k - a +2 dagger of holy wrath
 t - a +0 lajatang
 u - a +0 dagger of electrocution (weapon)
Missiles
 d - 9 darts of dispersal (quivered)
 v - 5 poisoned darts
Armour
 b - a +0 leather armour (worn)
 r - a +0 helmet (worn)
 y - a +0 pair of boots (worn)
 A - a scarf of shadows (worn)
Jewellery
 i - a ring of see invisible (left hand)
 j - a ring of protection from cold (right hand)
 x - a +4 ring of slaying
Scrolls
 e - 2 scrolls of identify {unknown}
 f - 4 scrolls of teleportation {unknown}
 g - 4 scrolls of enchant weapon {unknown}
 l - 2 scrolls of vulnerability {unknown}
 m - a scroll of poison {unknown}
 n - a scroll of torment {unknown}
 o - a scroll of noise {unknown}
 q - a scroll of summoning {unknown}
 s - a scroll of enchant armour {unknown}
Potions
 h - 3 potions of curing {unknown}
 p - 2 potions of degeneration {unknown}
 w - a potion of might {unknown}
 z - a potion of brilliance {unknown}


   Skills:
 + Level 4.8 Fighting
 + Level 1.6 Short Blades
 + Level 1.6 Long Blades
 + Level 1.6 Axes
 + Level 1.6 Maces & Flails
 + Level 4.8 Polearms
 + Level 1.6 Staves
 + Level 1.6 Ranged Weapons
 + Level 3.0 Throwing
 + Level 3.0 Armour
 + Level 4.8 Dodging
 + Level 1.6 Stealth
 + Level 1.6 Shields
 + Level 1.6 Unarmed Combat
 + Level 5.2 Spellcasting
 + Level 1.3 Conjurations
 + Level 1.3 Hexes
 + Level 1.3 Summonings
 + Level 1.3 Necromancy
 + Level 5.6 Translocations
 + Level 1.3 Fire Magic
 + Level 1.3 Ice Magic
 + Level 1.3 Air Magic
 + Level 1.3 Earth Magic
 + Level 1.3 Alchemy
 + Level 1.8 Invocations
 + Level 1.6 Evocations
 + Level 1.4 Shapeshifting


You had 4 spell levels left.
You knew the following spells:

 Your Spells              Type           Power      Damage    Failure   Level
a - Blink                 Tloc           40%        N/A       3%          2
b - Manifold Assault      Tloc           20%        N/A       22%         4
c - Vhi's Electric Charg  Tloc/Air       28%        N/A       45%         4

Your spell library contained the following spells:

 Spells                   Type           Power      Damage    Failure   Level
 Lesser Beckoning         Tloc           40%        N/A       3%          2
 Teleport Other           Tloc           20%        N/A       6%          3
 Magic Dart               Conj           28%        1d4       12%         1
 Call Imp                 Summ           14%        N/A       19%         2
 Olgreb's Toxic Radiance  Alch           7%         N/A       77%         4
 Ozocubu's Refrigeration  Ice            3%         4d8       100%        7
 Discord                  Hex            3%         N/A       100%        8


Dungeon Overview and Level Annotations

Branches:
Dungeon (4/15)
 Temple: D:4-7

Altars:
Fedhas
Kikubaaqudgha

Annotations:
D:4 Dowan, Duvessa


Innate Abilities, Weirdness & Mutations

You have very sharp teeth.
Your uncanny sense of smell can sniff out nearby items.
Your experience applies equally to all skills.


Message History

The sleepcap is heavily damaged.
The sleepcap closely misses you.
You hit the sleepcap but do no damage.
The sleepcap is heavily damaged.
You hit the sleepcap but do no damage.
The sleepcap is heavily damaged.
The sleepcap releases spores at you but does no damage.
You hit the sleepcap but do no damage.
The sleepcap is heavily damaged.
The sleepcap barely misses you.
You hit the sleepcap but do no damage.
The sleepcap is heavily damaged.
The sleepcap releases spores at you.
You are engulfed in a cloud of soporific spores!
You fall asleep.
The sleepcap releases spores at you!!
You wake up.
* * * LOW HITPOINT WARNING * * *
Unknown command.
Casting: Blink (safe; 3% risk of failure)
Confirm with . or Enter, or press ? or * to list all spells.
You blink.
You feel ready to blink again. The sleepcap attacks as it pursues you!
The sleepcap releases spores at you but does no damage.
Casting: Blink (safe; 3% risk of failure)
Confirm with . or Enter, or press ? or * to list all spells.
You blink.
Duvessa shouts!
Dowan shouts!
Blink to where?
Press: ? - help, Dir - move target
As you read the scroll of blinking, it crumbles to dust.
The sleepcap attacks as it pursues you! The sleepcap closely misses you.
There is a stone staircase leading up here.
The sleepcap releases spores at you.
* * * LOW HITPOINT WARNING * * *
You are engulfed in a cloud of soporific spores!
You fall asleep.
You stop ascending the stairs.
The sleepcap releases spores at you!!
You die...

############# #######
...........# #......
#....#....# #.....#
#.#.........######(....#
#.#....#................
#.#.....................
###.#....###..............
#.........................
#.......#@##.......e......
#.........f....e..........
#................ยง........
#.......#.##..............
#...#.#...................
####...#....................(
#......####..................
##...#.....................
#......... ...............


You could see Duvessa and a sleepcap.

Vanquished Creatures
  A scorpion (D:3)
  3 adders (D:2)
  A ribbon worm (D:2)
  3 dart slugs
  An orc (D:4)
  10 bats
  8 endoplasms
  2 giant cockroaches
  7 goblins
  7 hobgoblins
  2 jackals (D:1)
  6 quokkas
  6 ball pythons
  7 frilled lizards
  10 kobolds
  6 rats
80 creatures vanquished.

Notes
Turn   | Place    | Note
-------+----------+-------------------------------------------
     0 | D:1      | Ashen the Gnoll Warper began the quest for the Orb.
     0 | D:1      | Reached XP level 1. HP: 20/20 MP: 6/6
   171 | D:1      | Reached XP level 2. HP: 25/26 MP: 7/7
   506 | D:1      | Reached skill level 5 in Spellcasting
   506 | D:1      | Reached XP level 3. HP: 30/31 MP: 7/9
   835 | D:2      | Reached skill level 1 in Invocations
   885 | D:2      | Reached skill level 1 in Short Blades
   885 | D:2      | Reached skill level 1 in Long Blades
   885 | D:2      | Reached skill level 1 in Axes
   885 | D:2      | Reached skill level 1 in Maces & Flails
   885 | D:2      | Reached skill level 1 in Staves
   885 | D:2      | Reached skill level 1 in Ranged Weapons
   885 | D:2      | Reached skill level 1 in Stealth
   885 | D:2      | Reached skill level 1 in Shields
   885 | D:2      | Reached skill level 1 in Unarmed Combat
   885 | D:2      | Reached skill level 1 in Evocations
  1054 | D:2      | Reached skill level 1 in Shapeshifting
  1054 | D:2      | Reached XP level 4. HP: 27/38 MP: 11/11
  1238 | D:2      | Learned a level 2 spell: Blink
  1243 | D:2      | Learned a level 4 spell: Manifold Assault
  1248 | D:2      | Learned a level 4 spell: Vhi's Electric Charge
  1348 | D:2      | Reached skill level 1 in Conjurations
  1348 | D:2      | Reached skill level 1 in Hexes
  1348 | D:2      | Reached skill level 1 in Summonings
  1348 | D:2      | Reached skill level 1 in Necromancy
  1348 | D:2      | Reached skill level 1 in Fire Magic
  1348 | D:2      | Reached skill level 1 in Ice Magic
  1348 | D:2      | Reached skill level 1 in Air Magic
  1348 | D:2      | Reached skill level 1 in Earth Magic
  1348 | D:2      | Reached skill level 1 in Alchemy
  2217 | D:3      | Found a blossoming altar of Fedhas.
  2217 | D:3      | Found an ancient bone altar of Kikubaaqudgha.
  2391 | D:4      | Noticed Duvessa
  2391 | D:4      | Noticed Dowan
  2423 | D:4      | Noticed a scorpion
  2491 | D:3      | Killed a scorpion
  2492 | D:3      | Reached XP level 5. HP: 16/43 MP: 7/12
  3179 | D:4      | Mangled by a sleepcap

Illustrated notes

Levels and vault maps discovered:
D:1:      evilmike_arrival_hilbert_curve, layout_loops_ring, minivault_27
D:2:      layout_rooms, serial_glass, glass_columns_c, glass_columns_a,
          glass_columns_b, glass_columns_a
D:3:      minmay_recursive_quarters, layout_basic,
          grunt_temple_overflow_growth_and_decay
D:4:      layout_basic, kennysheep_generic_room_9, uniq_duvessa

Skill      XL: |  1  2  3  4 |
---------------+-------------+-----
Spellcasting   | 5 |  5.2
Invocations    | 1 |  1.8
Short Blades   | 1 |  1.6
Long Blades    | 1 |  1.6
Axes           | 1 |  1.6
Maces & Flails | 1 |  1.6
Staves         | 1 |  1.6
Ranged Weapons | 1 |  1.6
Stealth        | 1 |  1.6
Shields        | 1 |  1.6
Unarmed Combat | 1 |  1.6
Evocations     | 1 |  1.6
Shapeshifting  | 1 |  1.4
Conjurations   | 1 |  1.3
Hexes          | 1 |  1.3
Summonings     | 1 |  1.3
Necromancy     | 1 |  1.3
Fire Magic     | 1 |  1.3
Ice Magic      | 1 |  1.3
Air Magic      | 1 |  1.3
Earth Magic    | 1 |  1.3
Alchemy        | 1 |  1.3
Throwing       | 3 |  3.0
Armour         | 3 |  3.0
Fighting       | |  4.8
Polearms       | |  4.8
Dodging        | |  4.8
Translocations | |  5.6

Action                     |  1- 3 |  4- 6 || total
---------------------------+-------+-------++-------
  Melee: Spear             |   133 |   101 ||   234
         Bite              |     5 |    19 ||    24
         Dagger            |     5 |    68 ||    73
         Punch             |     1 |     1 ||     2
         Lajatang          |       |    20 ||    20
   Cast: Blink             |       |     8 ||     8
    Use: Scroll            |       |     1 ||     1
   Stab: Sleeping          |     3 |     3 ||     6
 Armour: Leather armour    |    58 |    84 ||   142
  Dodge: Dodged            |    59 |   108 ||   167
